 Dungeon Crawl Stone Soup version 0.29.0-15-g675c0067aa (webtiles) character file.

Game seed: 10361251136041912441

3539 ragingrage the Cleaver (level 9, 0/86 HPs)
             Began as a Minotaur Berserker on Sept 11, 2022.
             Was an Elder of Trog.
             Slain by a hornet (5 damage)
             ... on level 8 of the Dungeon.
             The game lasted 00:04:54 (7415 turns).

ragingrage the Cleaver (Minotaur Berserker)         Turns: 7415, Time: 00:04:55

Health: 0/86       AC: 19    Str: 33    XL:     9   Next: 82%
Magic:  8/8        EV:  9    Int:  4    God:    Trog [****..]
Gold:   349        SH:  0    Dex:  9    Spells: 8/8 levels left

rFire   . . .      SeeInvis .   a - +0 war axe
rCold   . . .      Faith    +   (no shield)
rNeg    . . .      Spirit   .   v - +0 plate armour
rPois   .          Reflect  .   (helmet restricted)
rElec   .          Harm     .   (no cloak)
rCorr   .          Rampage  .   (no gloves)
Will    .....                   z - +1 pair of boots
Stlth   ..........              B - amulet of faith
HPRegen 0.24/turn               k - +4 ring of protection
MPRegen 0.11/turn               s - +6 ring of strength

@: lethally poisoned (0 -> -8), on berserk cooldown, slowed, very slow
A: horns 2, retaliatory headbutt
a: Renounce Religion, Berserk, Trog's Hand, Brothers in Arms


You were on level 8 of the Dungeon.
You worshipped Trog.
Trog was greatly pleased with you.
You visited 1 branch of the dungeon, and saw 8 of its levels.

You collected 382 gold pieces.
You spent 33 gold pieces at shops.

Inventory:

Hand Weapons
 a - a +0 war axe (weapon)
 b - a +2 dagger of venom
Armour
 v - a +0 plate armour (worn)
 z - a +1 pair of boots (worn)
Jewellery
 k - a +4 ring of protection (left hand)
 m - a ring of protection from fire
 n - a ring of resist corrosion
 s - a +6 ring of strength (right hand)
 B - an amulet of faith (around neck)
 E - a ring of positive energy
Wands
 h - a wand of flame (24)
 i - a wand of digging (4)
 y - a wand of mindburst (18)
 C - a wand of quicksilver (6)
Scrolls
 d - a scroll of magic mapping
 e - 2 scrolls of silence
 f - a scroll of enchant armour
 j - 2 scrolls of fear
 p - 3 scrolls of blinking
 r - 2 scrolls of identify {@rr}
 t - a scroll of amnesia {unknown}
 u - 2 scrolls of vulnerability
 x - 2 scrolls of enchant weapon {unknown}
 A - 3 scrolls of teleportation
 D - a scroll of fog {unknown}
 F - a scroll of noise {unknown}
Potions
 c - a potion of magic {unknown}
 g - a potion of flight
 l - 3 potions of lignification
 o - a potion of cancellation {unknown}
 q - 3 potions of curing
 w - a potion of haste {unknown}


   Skills:
 + Level 10.9 Fighting
 + Level 11.1 Axes
 - Level 7.0 Armour
 - Level 5.0 Dodging


You had 8 spell levels left.
You didn't know any spells.
Your spell library was empty.

Dungeon Overview and Level Annotations

Branches:
Dungeon (8/15)             Temple (0/1) D:7
   Lair: D:8-11

Altars:
Cheibriados
Fedhas
Gozag
Qazlal
Ru
Sif Muna
Trog
Xom

Shops:
D:1 :   D:5 *   D:7 ?


Innate Abilities, Weirdness & Mutations

You have a pair of horns on your head.
You reflexively headbutt those who attack you in melee.


Message History

Found 12 gold pieces.
Something hits you but does no damage.
You miss something.
The hornet buzzes angrily.
Something completely misses you.
Aiming: Quicksilver Bolt
Press: ? - help, Shift-Dir - straight line, f - hornet
Aim: a hornet (57% to hit)
The bolt of dispelling energy hits something!
Trog accepts your kill.
Reactivating autopickup.
You feel a bit more experienced.
The bolt of dispelling energy misses the hornet.
The hornet stings you but does no damage.
The hornet stings you.
* * * LOW HITPOINT WARNING * * *
You feel as though you will be slow longer.
Aiming: Quicksilver Bolt
Press: ? - help, Shift-Dir - straight line, f/p - hornet
Aim: a hornet (57% to hit)
The bolt of dispelling energy hits the hornet!!
The hornet is severely wounded.
The hornet stings you.
* * * LOW HITPOINT WARNING * * *
You suddenly lose the ability to move!
The hornet barely misses you.
You can move again.
Aiming: Quicksilver Bolt
Press: ? - help, Shift-Dir - straight line, f/p - hornet
Aim: a hornet (severely wounded, 57% to hit)
The bolt of dispelling energy misses the hornet.
The hornet barely misses you. x2
Aiming: Quicksilver Bolt
Press: ? - help, Shift-Dir - straight line, f/p - hornet
Aim: a hornet (severely wounded, 57% to hit)
The bolt of dispelling energy misses the hornet.
The hornet closely misses you. The hornet stings you.
* * * LOW HITPOINT WARNING * * *
You are lethally poisoned!
You shrug off the repeated paralysis!
The hornet stings you.
You die...

#.........###
##........##.#
#...)...###..
#.)..#### #.
##..#######.###
#..###..#..#..#
##..#.#)y#W.#..#
####..###)##.##y###
......#.W#..#..#@.#
####..'..#..#$.#..#
#..#############
#..# #..# #..# #..#
#..# #?..


You could see a hornet and a wraith.

Vanquished Creatures
  A two-headed ogre (D:8)
  Sigmund (D:3)
  4 steam dragons
  2 water moccasins
  An orc warrior (D:7)
  2 ice beasts
  3 sky beasts
  A black bear (D:7)
  An ogre (D:6)
  2 centaurs
  A phantom (D:5)
  A kobold brigand (D:8)
  3 bullfrogs
  4 scorpions
  A necrophage (D:7)
  A wight (D:5)
  A howler monkey (D:5)
  3 hounds
  2 orc priests (D:8)
  A jelly (D:7)
  5 orc wizards
  3 iguanas
  3 adders
  2 white imps
  2 worms
  3 dart slugs
  15 orcs
  7 endoplasms
  6 giant cockroaches
  8 goblins
  4 hobgoblins
  13 jackals
  2 quokkas
  3 ball pythons
  6 bats
  5 frilled lizards
  7 kobolds
  3 rats
133 creatures vanquished.

Vanquished Creatures (others)
  A wizard (D:3)
  An orc wizard (D:5)
  A gnoll (D:8)
3 creatures vanquished.

Grand Total: 136 creatures vanquished

Notes
Turn   | Place    | Note
-------+----------+-------------------------------------------
     0 | D:1      | ragingrage the Minotaur Berserker began the quest for the
                  | Orb.
     0 | D:1      | Reached XP level 1. HP: 19/19 MP: 0/0
   136 | D:1      | Reached skill level 4 in Axes
   155 | D:1      | Reached XP level 2. HP: 27/27 MP: 1/1
   319 | D:1      | Found Rukoesk's Book Boutique.
   795 | D:2      | Reached XP level 3. HP: 21/33 MP: 2/2
   997 | D:2      | Found a snail-covered altar of Cheibriados.
  1091 | D:2      | Reached ** piety under Trog
  1694 | D:3      | Found a faded altar of an unknown god.
  1815 | D:3      | Found a shimmering altar of Xom.
  1862 | D:3      | Reached XP level 4. HP: 36/41 MP: 3/3
  2048 | D:3      | Noticed Sigmund
  2063 | D:3      | Killed Sigmund
  2064 | D:3      | Reached skill level 5 in Fighting
  2064 | D:3      | Reached skill level 5 in Axes
  2064 | D:3      | Reached XP level 5. HP: 31/48 MP: 4/4
  2281 | D:3      | Found a bloodstained altar of Trog.
  2283 | D:3      | Noticed a wizard
  2288 | D:3      | Killed a wizard
  2411 | D:4      | Reached XP level 6. HP: 49/56 MP: 5/5
  2796 | D:4      | Reached *** piety under Trog
  2819 | D:4      | Found a blossoming altar of Fedhas.
  3025 | D:5      | Entered Level 5 of the Dungeon
  3058 | D:5      | Reached skill level 6 in Axes
  3058 | D:5      | Reached XP level 7. HP: 60/62 MP: 6/6
  3082 | D:5      | Reached skill level 5 in Armour
  3095 | D:5      | Reached skill level 5 in Dodging
  3842 | D:5      | Found Toifaehi's Elemental Accessories.
  4498 | D:6      | Reached XP level 8. HP: 71/71 MP: 7/7
  4587 | D:6      | Reached skill level 7 in Axes
  4918 | D:6      | Found a shimmering blue altar of Sif Muna.
  4997 | D:6      | Found an opulent altar of Gozag.
  5838 | D:7      | Reached skill level 8 in Axes
  5958 | D:7      | Found a flagged portal.
  6040 | D:7      | Found a stormy altar of Qazlal.
  6267 | D:7      | Found a staircase to the Ecumenical Temple.
  6367 | D:7      | Found Rieg's Magic Scroll Shop.
  6370 | D:7      | Bought a scroll of teleportation for 33 gold pieces
  6563 | D:7      | Reached skill level 9 in Axes
  6563 | D:7      | Reached XP level 9. HP: 64/81 MP: 8/8
  7290 | D:8      | Reached **** piety under Trog
  7293 | D:8      | Found a sacrificial altar of Ru.
  7371 | D:8      | Reached skill level 10 in Axes
  7379 | D:8      | Noticed a two-headed ogre
  7384 | D:8      | Reached skill level 10 in Fighting
  7388 | D:8      | Killed a two-headed ogre
  7400 | D:8      | Reached skill level 11 in Axes
  7413 | D:8      | Paralysed by a hornet for 1 turns
  7415 | D:8      | Slain by a hornet

Illustrated notes

Levels and vault maps discovered:
D:1:      lemuel_arrival_funnel, layout_basic, serial_shops,
          nicolae_square_shop, minmay_tetromino_s2
D:2:      layout_basic, basic_altar
D:3:      layout_basic, mainiacjoe_overflow_alcove_2, trog_wizard,
          shapermc_ecumenical_altar_starsandcircs, uniq_sigmund
D:4:      layout_basic, nicolae_overflow_hidden_temple
D:5:      layout_rooms, nicolae_elemental_shop, minmay_misc_feat_ornament,
          serial_bayou_pond_e, minmay_increasing_density
D:6:      layout_basic, kiku_gazebo_garden_becter, lemuel_tele_altar,
          mainiacjoe_overflow_six_doors_small
D:7:      layout_loops_corners, old_standard_altar,
          minmay_temple_entry_nine_rooms, enter_bailey_2, serial_shops,
          nicolae_shop_behind_doors, hangedman_decor_slide_cut
D:8:      minmay_s_stair_smasher, layout_loops_ring, nicolae_ru_path_of_blood,
          kennysheep_mini_moat

Skill      XL: |  1  2  3  4  5  6  7  8  9 |
---------------+----------------------------+-----
Axes           | 4 5 6 9 11 | 11.1
Fighting       | 4 5 6 8 10 | 10.9
Armour         | 3 4 5 7 |  7.0
Dodging        | 3 4 5 |  5.0

Action                   |  1- 3 |  4- 6 |  7- 9 || total
-------------------------+-------+-------+-------++-------
Melee: Dagger            |    94 |    79 |   179 ||   352
       Hand axe          |     2 |       |       ||     2
       Headbutt          |    10 |    20 |    47 ||    77
       War axe           |       |       |    56 ||    56
       Punch             |       |       |     3 ||     3
Invok: Berserk           |       |       |     3 ||     3
Evoke: Wand              |       |       |     4 ||     4
  Use: Scroll            |       |       |    10 ||    10
       Potion            |       |       |     1 ||     1
Armor: Animal skin       |     9 |       |       ||     9
       Ring mail         |    15 |    21 |     8 ||    44
       Plate armour      |       |       |   157 ||   157
Dodge: Dodged            |    76 |    61 |   153 ||   290
